 Dungeon Crawl Stone Soup version 0.20.1-1-g8b1a95d (webtiles) character file.

133 tehanu the Skirmisher (level 4, 0/42 HPs)
             Began as a Minotaur Berserker on Nov 28, 2017.
             Was a Believer of Trog.
             Slain by Crazy Yiuf
             ... wielding a +2 quarterstaff of chaos
              (10 damage)
             ... on level 3 of the Dungeon.
             The game lasted 00:15:39 (1897 turns).

tehanu the Skirmisher (Minotaur Berserker)          Turns: 1897, Time: 00:15:43

Health: 0/42       AC:  9    Str: 22    XL:     4   Next: 94%
Magic:  3/3        EV:  8    Int:  4    God:    Trog [**....]
Gold:   175        SH:  0    Dex: 10    Spells: 3/3 levels left

rFire    . . .     SeeInvis .   j - +0 scimitar
rCold    . . .     Gourm    +   (no shield)
rNeg     . . .     Faith    .   d - +0 chain mail
rPois    .         Spirit   .   (helmet restricted)
rElec    .         Reflect  .   (no cloak)
rCorr    .         Harm     .   (no gloves)
MR       .....                  (no boots)
Stlth    ..........             i - amulet of the gourmand
Regen    0.2/turn               (no ring)
MPRegen  0.1/turn               (no ring)

@: about to teleport, slowed, very slow
A: retaliatory headbutt, horns 2
a: Berserk, Trog's Hand, Burn Spellbooks, Renounce Religion


You were on level 3 of the Dungeon.
You worshipped Trog.
Trog was pleased with you.
You were completely stuffed.

You visited 1 branch of the dungeon, and saw 3 of its levels.

You collected 175 gold pieces.

Inventory:

Hand Weapons
 j - a +0 scimitar (weapon)
Missiles
 p - 4 silver tomahawks (quivered)
Armour
 d - a +0 chain mail (worn)
Jewellery
 i - an amulet of the gourmand (around neck)
Scrolls
 h - a scroll of remove curse
 m - a scroll of recharging
 n - a scroll of identify
Potions
 e - 4 potions of curing
 g - a potion of cancellation {unknown}
 l - a potion of brilliance {unknown}
Comestibles
 b - 2 fruits
 c - 3 bread rations
 f - a royal jelly
 k - 3 meat rations


   Skills:
 * Level 5.3 Fighting
 * Level 5.1 Long Blades
 + Level 3.2 Armour
 + Level 2.2 Dodging


You had 3 spell levels left.
You didn't know any spells.

Dungeon Overview and Level Annotations

Branches:
Dungeon (3/15)

Altars:
Ashenzari

Annotations:
D:3 Crazy Yiuf


Innate Abilities, Weirdness & Mutations

You reflexively headbutt those who attack you in melee.
You have a pair of horns on your head.


Message History

There is an open door here.
You hit Crazy Yiuf. Your headbutt misses Crazy Yiuf.
Crazy Yiuf is lightly wounded.
Crazy Yiuf hits you with a quarterstaff of chaos.
You feel yourself slow down.
You slash Crazy Yiuf!
Crazy Yiuf is almost dead.
Crazy Yiuf closely misses you.
Crazy Yiuf hits you with a quarterstaff of chaos.
Crazy Yiuf burns you.
You hit Crazy Yiuf but do no damage.
Crazy Yiuf is almost dead.
Crazy Yiuf hits you but does no damage.
You feel strangely unstable.
You barely miss Crazy Yiuf.
Crazy Yiuf is almost dead.
Crazy Yiuf hits you with a quarterstaff of chaos.
You are electrocuted!
* * * LOW HITPOINT WARNING * * *
Crazy Yiuf hits you with a quarterstaff of chaos!
You die...

#.###.#######.##......
#.#...................
#.#.##.........#......
################......
#...... #...... ####
########### #)..###
##..#.##
#..g@.####......# ##
#...##..#.......## #.
#### ###.#...#...# #.
#########.# #. #.# #.
### #.# #.
#.###############.# #.
#.#...............# #.
#.#.#################.


You could see Crazy Yiuf.

Vanquished Creatures
  2 orc wizards (D:3)
  3 adders
  An ooze (D:2)
  2 worms (D:2)
  2 dart slugs
  2 orcs (D:3)
  3 bats (D:2)
  9 goblins
  4 hobgoblins
  4 kobolds
  A ball python (D:2)
  A frilled lizard (D:3)
  5 rats
39 creatures vanquished.

Notes
Turn   | Place    | Note
-------+----------+-------------------------------------------
     0 | D:1      | tehanu the Minotaur Berserker began the quest for the Orb.
     0 | D:1      | Reached XP level 1. HP: 19/19 MP: 0/0
   317 | D:1      | Reached XP level 2. HP: 21/27 MP: 1/1
   627 | D:2      | Found a shattered altar of Ashenzari.
   781 | D:2      | Reached XP level 3. HP: 34/34 MP: 2/2
  1080 | D:2      | Found a faded altar of an unknown god.
  1277 | D:3      | Reached skill level 5 in Fighting
  1558 | D:3      | Reached XP level 4. HP: 42/42 MP: 3/3
  1559 | D:3      | Reached ** piety under Trog
  1597 | D:3      | Reached skill level 5 in Long Blades
  1888 | D:3      | Found a runed door.
  1892 | D:3      | Noticed Crazy Yiuf
  1897 | D:3      | Slain by Crazy Yiuf

Skill      XL: |  1  2  3  4 |
---------------+-------------+-----
Fighting       | 4 5 |  5.3
Long Blades    | 4 5 |  5.1
Armour         | 3 |  3.2
Dodging        | |  2.2

Action                   |  1- 3 |  4- 6 || total
-------------------------+-------+-------++-------
Melee: Falchion          |    60 |       ||    60
       Headbutt          |     7 |     3 ||    10
       Scimitar          |     7 |    24 ||    31
Invok: Berserk           |     1 |       ||     1
  Use: Scroll            |    10 |       ||    10
  Eat: Chunk             |     2 |    20 ||    22
Armor: Leather armour    |     3 |       ||     3
       Ring mail         |     6 |       ||     6
       Chain mail        |     5 |     9 ||    14
Dodge: Dodged            |    31 |     9 ||    40
       Rpst.: Falchion   |     9 |       ||     9
       Scimitar          |       |     2 ||     2
